 Dungeon Crawl Stone Soup version 0.18.1-50-g88ac8fd (webtiles) character file.

58 Blackjack the Magician (level 3, 0/20 HPs)
             Began as a Deep Elf Wizard on Oct 10, 2016.
             Slain by Sigmund
             ... wielding a +0 scythe
              (11 damage)
             ... on level 2 of the Dungeon.
             The game lasted 00:09:00 (1281 turns).

Blackjack the Magician (Deep Elf Wizard)            Turns: 1281, Time: 00:09:01

Health: 0/20       AC:  3    Str:  4    XL:     3   Next: 75%
Magic:  5/11       EV: 13    Int: 23    God:
Gold:   86         SH:  0    Dex: 13    Spells: 5 memorised, 1 level left

rFire  . . .     SeeInvis .     l - +0 short sword
rCold  . . .     Gourm    .     a - +0 robe
rNeg   . . .     Faith    .     (no shield)
rPois  .         Spirit   .     b - +0 hat
rElec  .         Dismiss  .     (no cloak)
rCorr  .         Reflect  .     j - +0 pair of gloves
SustAt .         Harm     .     (no boots)
MR     .....                    (no amulet)
Stlth  ++........               (no ring)
                                (no ring)

@: very slightly contaminated, not resistant to hostile enchantments, unstealthy
A: no striking features
a: no special abilities


You were on level 2 of the Dungeon.
You were not hungry.

You visited 1 branch of the dungeon, and saw 2 of its levels.

You collected 86 gold pieces.

Inventory:

Hand Weapons
 l - a +0 short sword (weapon)
Armour
 a - a +0 robe (worn)
 b - a +0 hat (worn)
 j - a +0 pair of gloves (worn)
Scrolls
 e - 2 scrolls of teleportation {unknown}
 h - a scroll of remove curse {unknown}
 m - 2 scrolls of identify {unknown}
 n - a scroll of fear {unknown}
 o - a scroll of noise {unknown}
Potions
 f - a potion of flight {unknown}
 g - a potion of agility
 i - a potion of cancellation {unknown}
Books
 c - a book of Minor Magic

   Spells                             Type                      Level
   a - Magic Dart                     Conjuration                  1
   b - Blink                          Translocation                2
   c - Call Imp                       Summoning                    2
   d - Repel Missiles                 Charms/Air                   2
   e - Slow                           Hexes                        2
   f - Conjure Flame                  Conjuration/Fire             3
   g - Mephitic Cloud                 Conjuration/Poison/Air       3
Comestibles
 d - 2 bread rations


   Skills:
 + Level 0.7 Fighting
 + Level 2.6 Dodging
 - Level 2.4 Stealth
 * Level 5.1 Spellcasting
 * Level 2.4 Conjurations
 + Level 1.3 Summonings
 + Level 1.4 Translocations
 + Level 0.7 Fire Magic
 + Level 0.0 Air Magic
 + Level 0.0 Poison Magic


You had one spell level left.
You knew the following spells:

 Your Spells              Type           Power        Failure   Level  Hunger
a - Magic Dart            Conj           ###.         3%          1    None
b - Blink                 Tloc           N/A          10%         2    None
c - Call Imp              Summ           ##......     10%         2    None
d - Conjure Flame         Conj/Fire      ##......     17%         3    ##.....
e - Mephitic Cloud        Conj/Pois/Air  #.......     21%         3    ##.....


Dungeon Overview and Level Annotations

Branches:
Dungeon (2/15)

Altars:

Annotations:
D:2 Sigmund


Message History

Sigmund casts a spell.
Sigmund flickers and vanishes!
Deactivating autopickup; reactivate with Ctrl-A.
Casting: Magic Dart
Confirm with . or Enter, or press ? or * to list all spells.
A metallic apparition takes form in the air.
A puff of flame appears from out of thin air!
The puff of flame hits your white imp.
Your white imp is burned terribly!
The giant gecko barely misses your white imp.
Something bites your white imp.
Your white imp dies!
Something bites your iron imp. Something bites your iron imp.
A giant gecko is nearby!
The giant gecko bites your iron imp but does no damage.
The giant gecko barely misses your iron imp.
Something hits you!
Ouch! That really hurt!
You die...

....... #..........# .......
#..........#
.$......####..........#
.!.###%.).##..........#
#..##....{l..........# #.
####.####.####........##
##.###.....##...............#
....#...........l.....†.....#
..............@5..........).#
..................<.........#
............................#
.....(.......................##
............................##
.......................######
.......................#
......##.)...##.....####
.......#....#########


You could see a giant gecko and a friendly iron imp.

Vanquished Creatures
  2 adders (D:2)
  A dart slug (D:1)
  3 bats
  2 giant cockroaches
  7 hobgoblins
  5 kobolds
  3 giant newts
  7 goblins
  6 rats (D:1)
36 creatures vanquished.

Notes
Turn   | Place    | Note
--------------------------------------------------------------
     0 | D:1      | Blackjack the Deep Elf Wizard began the quest for the Orb.
     0 | D:1      | Reached XP level 1. HP: 10/10 MP: 7/7
   211 | D:1      | Reached XP level 2. HP: 15/15 MP: 6/9
   215 | D:1      | Learned a level 2 spell: Blink
   218 | D:1      | Learned a level 2 spell: Call Imp
   957 | D:2      | Reached skill level 5 in Spellcasting
   957 | D:2      | Reached XP level 3. HP: 20/20 MP: 4/11
  1164 | D:2      | Learned a level 3 spell: Conjure Flame
  1168 | D:2      | Learned a level 3 spell: Mephitic Cloud
  1259 | D:2      | Noticed Sigmund
  1281 | D:2      | Slain by Sigmund

Skill      XL: |  1  2 |
---------------+-------+-----
Conjurations   | 2 |  2.4
Spellcasting   | 5 |  5.1
Fighting       | |  0.7
Dodging        | |  2.6
Stealth        | |  2.4
Summonings     | |  1.3
Translocations | |  1.4
Fire Magic     | |  0.7

Action                   || total
-------------------------++-------
Melee: Unarmed           ||     1
 Cast: Magic Dart        ||    76
       Call Imp          ||     2
  Eat: Chunk             ||     1
Armor: Robe              ||     2
Dodge: Dodged            ||     5
